Flyers vs Capitals

Created - 23 janvier 2022 at 16:02

Goals
1 2 3 T
Flyers 1 2 1 4
Capitals 1 1 1 3
Shots
1 2 3 T
Flyers 7 10 17 34
Capitals 13 12 9 34

GoalsPenalties
1st period
1. Flyers , Alex Killorn 5 (Devon Toews 17, Logan O'Connor 6) at 9:54
2. Capitals , Garnet Hathaway 7 (Jay Beagle 4) at 10:25
Tom Wilson (PHI) for Hooking (Minor) at 14:38
2nd period
3. Flyers , Bryan Rust 12 (Devon Toews 18, David Pastrnak 19) at 1:54 (PP)
4. Capitals , Mikko Rantanen 20 (Alex Ovechkin 18) at 5:06 (PP)
5. Flyers , Phillip Danault 12 (David Pastrnak 20, Devon Toews 19) at 9:56
Cody Ceci (WAS) for Roughing (Minor) at 0:48
Logan O'Connor (PHI) for Slashing (Minor) at 3:27
Brad Marchand (PHI) for Hooking (Minor) at 6:33
3rd period
6. Flyers , Alex Killorn 6 (Oscar Klefbom 15, Tyler Seguin 16) at 5:10
7. Capitals , Mikko Rantanen 21 (Sidney Crosby 28, Josh Manson 23) at 19:48
Luke Kunin (WAS) for Hooking (Minor) at 5:55
Cody Ceci (WAS) for Tripping (Minor) at 15:06
Goalie Stats
Sergei Bobrovsky (PHI), 31 saves from 34 shots - (0,912), W, 21-8-7, 60:00 minutes
Darcy Kuemper (WAS), 30 saves from 34 shots - (0,882), L, 16-17-0, 60:00 minutes
3 StarsOfficial
1 - Alex Killorn (PHI)
2 - Mikko Rantanen (WAS)
3 - Devon Toews (PHI)
Referees : Chris Rooney and Tom Kowal
Linesman : Brad Kovachik and Kiel Murchison
Game Note
No Game Note



Team Name Goals Shots Shots Attemp Shots Blocked PIM HIT PP PK FO%
Flyers 4346286201 / 3 (33%)151%
Capitals 3346786301 / 3 (33%)149%

Flyers
Player Name POS G A P +/- PIM HIT SHT SB MP PP MP PP SHT PK MP PK SHT FO% FOT
Alex KillornLW/RW2022034016:090:0002:50133% 3
Anders LeeLW0000011010:430:0000:000100% 1
Barclay GoodrowC/LW/RW0000012014:120:0003:29055% 22
Brad MarchandLW000-1211016:412:5700:5800% 0
Brett PesceD0001001223:232:5702:4400% 0
Bryan RustLW/RW1010003012:502:0720:0000% 1
Connor McDavidC000-1001015:442:5700:00033% 15
David PastrnakRW0220006014:372:0700:00050% 4
Devon ToewsD0331023123:462:0722:2800% 0
Hampus LindholmD0000000113:300:0000:1100% 0
Ivan ProvorovD0000012123:452:0703:0900% 0
Kevin FialaLW/RW0000010012:300:0000:000100% 1
Logan O'ConnorRW0112220013:070:0000:000100% 2
Oscar KlefbomD0110001122:172:5712:4200% 0
Phillip DanaultC1010005014:540:0002:13065% 20
Radim SimekD0000010113:190:0000:0000% 0
Tom WilsonRW000-1251117:072:5701:1300% 1
Tyler SeguinC/LW/RW0112023015:462:0700:31043% 14
Capitals
Player Name POS G A P +/- PIM HIT SHT SB MP PP MP PP SHT PK MP PK SHT FO% FOT
Adam LarssonD000-1031420:300:0303:0900% 0
Alex OvechkinLW/RW0111053020:302:2110:000100% 2
Brad RichardsonC/LW/RW0000003010:460:0302:270100% 2
Brandon TanevLW/RW000-1051015:540:0002:3710% 0
Brayden PointC000-1014016:303:1300:00044% 16
Calle JarnkrokC/LW/RW000-1003012:503:1300:0000% 5
Cody CeciD000-1410016:393:1301:0300% 0
Drew DoughtyD0001002024:052:2111:5500% 0
Erik KarlssonD000-1000221:442:5502:0600% 0
Garnet HathawayRW101005308:190:0300:00050% 2
Ivan BarbashevC/LW/RW000-1010012:170:0302:37056% 16
Jay BeagleC0110003010:430:0002:27060% 10
Josh MansonD0111051124:022:4201:5500% 0
Luke KuninC/RW000-122209:360:0000:0000% 2
Mikko RantanenRW2021003020:302:2110:0000% 0
Pavel BuchnevichLW/RW000-1010016:303:1300:0000% 0
Sidney CrosbyC0111014020:302:2110:00048% 29
Trevor van RiemsdykD000-1001112:580:0000:0000% 0

Flyers

5 vs 5 Forward
Line #Left WingCenterRight WingPHYDFOFWanted %Time %Time Play
1Brad MarchandConnor McDavidTom Wilson0232626%12:47
2Kevin FialaPhillip DanaultDavid Pastrnak0232625%12:30
3Alex KillornTyler SeguinLogan O'Connor0322627%13:08
4Anders LeeBarclay GoodrowBryan Rust0232222%10:43
5 vs 5 Defense
Line #DefenseDefensePHYDFOFWanted %Time %Time Play
1Ivan ProvorovOscar Klefbom0324034%16:38
2Devon ToewsBrett Pesce1314035%17:20
3Radim SimekHampus Lindholm1402027%13:19
4Ivan ProvorovDevon Toews02304%1:51
Power Play Forward
Line #Left WingCenterRight WingPHYDFOFWanted %Time %Time Play
1Brad MarchandConnor McDavidTom Wilson0055058%2:57
2Bryan RustTyler SeguinDavid Pastrnak0055042%2:07
Power Play Defense
Line #DefenseDefensePHYDFOFWanted %Time %Time Play
1Ivan ProvorovDevon Toews1135042%2:07
2Oscar KlefbomBrett Pesce1135058%2:57
Penalty Kill 4 Players Forward
Line #CenterWingPHYDFOFWanted %Time %Time Play
1Phillip DanaultTom Wilson0415050%2:47
2Barclay GoodrowAlex Killorn0415050%2:50
Penalty Kill 4 Players Defense
Line #DefenseDefensePHYDFOFWanted %Time %Time Play
1Brett PesceIvan Provorov0505556%3:09
2Oscar KlefbomDevon Toews0504544%2:28
Penalty Kill 3 Players
Line #WingPHYDFOFWanted %Time %Time PlayDefenseDefensePHYDFOFWanted %Time %Time Play
1Phillip Danault050500%0:00 Brett PesceIvan Provorov050500%0:00
2Barclay Goodrow050500%0:00 Oscar KlefbomDevon Toews050500%0:00
4 vs 4 Forward
Line #CenterWingPHYDFOFWanted %Time %Time Play
1Connor McDavidBrad Marchand023500%0:00
2Tyler SeguinDavid Pastrnak023500%0:00
4 vs 4 Defense
Line #DefensePHYDFOFWanted %Time %Time Play
1Ivan ProvorovDevon Toews023500%0:00
2Oscar KlefbomBrett Pesce023500%0:00
Last Minutes Offensive
Left WingCenterRight WingDefenseDefense
Brad MarchandConnor McDavidDavid PastrnakIvan ProvorovDevon Toews
Last Minutes Defensive
Left WingCenterRight WingDefenseDefense
Alex KillornPhillip DanaultTom WilsonIvan ProvorovBrett Pesce
Time
Total ForwardTotal DefenseLast Minutes OffensiveLast Minutes Defensive
60:00 60:00 0:000:11
Extra Forwards
Normal PowerPlayPenalty Kill
Kevin Fiala, Alex Killorn, Anders LeeAnders Lee, Alex KillornBrad Marchand
Extra Defensemen
Normal PowerPlayPenalty Kill
Ivan Provorov, Oscar Klefbom, Devon ToewsBrett Pesce, Oscar KlefbomIvan Provorov
Penalty Shots
Connor McDavid, Tyler Seguin, David Pastrnak, Brad Marchand, Bryan Rust
Goalie
Sergei Bobrovsky, Anthony Stolarz
Custom OT Lines Forwards
Connor McDavid, Brad Marchand, Tyler Seguin, Bryan Rust, David Pastrnak, Phillip Danault, Kevin Fiala, Tom Wilson, Barclay Goodrow, Alex Killorn
Custom OT Lines Defensemen
Ivan Provorov, Devon Toews, Oscar Klefbom, Brett Pesce, Hampus Lindholm
Scratches
Kurtis MacDermid (Healthy), Linus Ullmark (Healthy)

Capitals

5 vs 5 Forward
Line #Left WingCenterRight WingPHYDFOFWanted %Time %Time Play
1Alex OvechkinSidney CrosbyMikko Rantanen1223537%17:58
2Brandon TanevBrayden PointPavel Buchnevich1222727%13:17
3Calle JarnkrokIvan BarbashevLuke Kunin1222220%9:37
4Garnet HathawayJay BeagleBrad Richardson1221617%8:16
5 vs 5 Defense
Line #DefenseDefensePHYDFOFWanted %Time %Time Play
1Josh MansonDrew Doughty1223027%13:17
2Erik KarlssonAdam Larsson1223035%17:18
3Trevor van RiemsdykCody Ceci1222426%12:58
4Drew DoughtyJosh Manson1221611%5:35
Power Play Forward
Line #Left WingCenterRight WingPHYDFOFWanted %Time %Time Play
1Alex OvechkinSidney CrosbyMikko Rantanen1225043%2:24
2Calle JarnkrokBrayden PointPavel Buchnevich1225057%3:13
Power Play Defense
Line #DefenseDefensePHYDFOFWanted %Time %Time Play
1Erik KarlssonDrew Doughty1225042%2:21
2Josh MansonCody Ceci1225058%3:16
Penalty Kill 4 Players Forward
Line #CenterWingPHYDFOFWanted %Time %Time Play
1Ivan BarbashevBrandon Tanev1225052%2:37
2Jay BeagleBrad Richardson1225048%2:27
Penalty Kill 4 Players Defense
Line #DefenseDefensePHYDFOFWanted %Time %Time Play
1Cody CeciAdam Larsson1225062%3:09
2Josh MansonDrew Doughty1225038%1:55
Penalty Kill 3 Players
Line #WingPHYDFOFWanted %Time %Time PlayDefenseDefensePHYDFOFWanted %Time %Time Play
1Ivan Barbashev122500%0:00 Cody CeciAdam Larsson122500%0:00
2Jay Beagle122500%0:00 Josh MansonDrew Doughty122500%0:00
4 vs 4 Forward
Line #CenterWingPHYDFOFWanted %Time %Time Play
1Sidney CrosbyAlex Ovechkin122500%0:00
2Brayden PointMikko Rantanen122500%0:00
4 vs 4 Defense
Line #DefensePHYDFOFWanted %Time %Time Play
1Josh MansonDrew Doughty122500%0:00
2Erik KarlssonAdam Larsson122500%0:00
Last Minutes Offensive
Left WingCenterRight WingDefenseDefense
Alex OvechkinSidney CrosbyMikko RantanenErik KarlssonDrew Doughty
Last Minutes Defensive
Left WingCenterRight WingDefenseDefense
Brandon TanevJay BeagleIvan BarbashevJosh MansonCody Ceci
Time
Total ForwardTotal DefenseLast Minutes OffensiveLast Minutes Defensive
60:00 60:00 0:110:00
Extra Forwards
Normal PowerPlayPenalty Kill
Mikko Rantanen, Pavel Buchnevich, Brayden PointPavel Buchnevich, Brayden PointGarnet Hathaway
Extra Defensemen
Normal PowerPlayPenalty Kill
Cody Ceci, Erik Karlsson, Drew DoughtyErik Karlsson, Cody CeciErik Karlsson
Penalty Shots
Mikko Rantanen, Sidney Crosby, Alex Ovechkin, Brayden Point, Pavel Buchnevich
Goalie
Darcy Kuemper, Jake Allen
Custom OT Lines Forwards
Mikko Rantanen, Sidney Crosby, Brayden Point, Alex Ovechkin, Brandon Tanev, Pavel Buchnevich, Luke Kunin, Ivan Barbashev, Calle Jarnkrok, Garnet Hathaway
Custom OT Lines Defensemen
Josh Manson, Drew Doughty, Erik Karlsson, Cody Ceci, Adam Larsson
Scratches
Ben Harpur (Healthy), Daniel Sprong (Healthy)


Play-by-Play

1st period


0:01 of 1st period - Sidney Crosby wins face-off versus Connor McDavid in neutral zone.
0:08 of 1st period - Shot by Sidney Crosby.
0:08 of 1st period - Stopped by Sergei Bobrovsky without a rebound.
0:09 of 1st period - Phillip Danault wins face-off versus Brayden Point in Flyers zone.
0:22 of 1st period - Shot by David Pastrnak.
0:22 of 1st period - Shot Blocked by Adam Larsson.
0:24 of 1st period - Shot by Devon Toews.
0:24 of 1st period - Shot Misses the Net.
0:34 of 1st period - Shot by Phillip Danault.
0:34 of 1st period - Stopped by Darcy Kuemper without a rebound.
0:35 of 1st period - Tyler Seguin wins face-off versus Ivan Barbashev in Capitals zone.
0:48 of 1st period - Shot by Tyler Seguin.
0:48 of 1st period - Stopped by Darcy Kuemper without a rebound.
0:49 of 1st period - Barclay Goodrow wins face-off versus Sidney Crosby in Capitals zone.
1:20 of 1st period - Shot by Mikko Rantanen.
1:20 of 1st period - Shot Blocked by Oscar Klefbom.
2:25 of 1st period - Icing by Cody Ceci.
2:26 of 1st period - Jay Beagle wins face-off versus Tyler Seguin in Capitals zone.
2:26 of 1st period - Jay Beagle is hit by Tyler Seguin.
2:34 of 1st period - Shot by Garnet Hathaway.
2:34 of 1st period - Stopped by Sergei Bobrovsky without a rebound.
2:35 of 1st period - Tyler Seguin wins face-off versus Ivan Barbashev in Flyers zone.
2:53 of 1st period - Calle Jarnkrok is hit by Logan O'Connor.
3:05 of 1st period - Shot by Luke Kunin.
3:05 of 1st period - Shot Misses the Net.
3:07 of 1st period - Shot by Calle Jarnkrok.
3:07 of 1st period - Stopped by Sergei Bobrovsky with a rebound.
3:43 of 1st period - Brett Pesce is hit by Brandon Tanev and loses puck.
4:23 of 1st period - Phillip Danault is hit by Brandon Tanev and loses puck.
5:01 of 1st period - Shot by Tom Wilson.
5:01 of 1st period - Shot Hit the Post.
5:03 of 1st period - Shot by Brad Marchand.
5:03 of 1st period - Stopped by Darcy Kuemper with a rebound.
5:05 of 1st period - Shot by Brad Marchand.
5:05 of 1st period - Shot Misses the Net.
5:07 of 1st period - Shot by Ivan Provorov.
5:07 of 1st period - Shot Blocked by Trevor van Riemsdyk.
5:48 of 1st period - Icing by Tyler Seguin.
5:49 of 1st period - Jay Beagle wins face-off versus Tyler Seguin in Flyers zone.
5:56 of 1st period - Shot by Garnet Hathaway.
5:56 of 1st period - Shot Misses the Net.
5:58 of 1st period - Shot by Jay Beagle.
5:58 of 1st period - Stopped by Sergei Bobrovsky without a rebound.
5:59 of 1st period - Sidney Crosby wins face-off versus Barclay Goodrow in Flyers zone.
6:10 of 1st period - Shot by Bryan Rust.
6:10 of 1st period - Shot Misses the Net.
6:17 of 1st period - Mikko Rantanen is hit by Anders Lee and loses puck.
6:31 of 1st period - Bryan Rust is hit by Josh Manson and loses puck.
6:39 of 1st period - Icing by Sidney Crosby.
6:40 of 1st period - Connor McDavid wins face-off versus Sidney Crosby in Capitals zone.
8:20 of 1st period - Shot by Calle Jarnkrok.
8:20 of 1st period - Stopped by Sergei Bobrovsky without a rebound.
8:21 of 1st period - Brayden Point wins face-off versus Tyler Seguin in Flyers zone.
8:21 of 1st period - Brandon Tanev is hit by Devon Toews and loses puck.
8:26 of 1st period - Shot by Brayden Point.
8:26 of 1st period - Deflect By Pavel Buchnevich.
8:26 of 1st period - Shot Misses the Net.
8:31 of 1st period - Brandon Tanev is hit by Devon Toews and loses puck.
8:40 of 1st period - Shot by Brayden Point.
8:40 of 1st period - Stopped by Sergei Bobrovsky without a rebound.
8:41 of 1st period - Sidney Crosby wins face-off versus Barclay Goodrow in Flyers zone.
8:51 of 1st period - Icing by Ivan Provorov.
8:52 of 1st period - Barclay Goodrow wins face-off versus Calle Jarnkrok in Flyers zone.
9:03 of 1st period - Anders Lee is hit by Adam Larsson and loses puck.
9:16 of 1st period - Shot by Bryan Rust.
9:16 of 1st period - Shot Misses the Net.
9:18 of 1st period - Shot by Ivan Provorov.
9:18 of 1st period - Shot Misses the Net.
9:23 of 1st period - Anders Lee is hit by Adam Larsson and loses puck.
9:54 of 1st period - Shot by Alex Killorn.
9:54 of 1st period - Goal by Alex Killorn - Flyers : 1 - Capitals : 0.
9:55 of 1st period - Phillip Danault wins face-off versus Sidney Crosby in neutral zone.
9:55 of 1st period - Kevin Fiala is hit by Alex Ovechkin and loses puck.
10:00 of 1st period - Shot by Phillip Danault.
10:00 of 1st period - Stopped by Darcy Kuemper without a rebound.
10:01 of 1st period - Sidney Crosby wins face-off versus Alex Killorn in Capitals zone.
10:01 of 1st period - Sidney Crosby is hit by Alex Killorn.
10:11 of 1st period - Shot by Sidney Crosby.
10:11 of 1st period - Shot Misses the Net.
10:21 of 1st period - Shot by Mikko Rantanen.
10:21 of 1st period - Shot Misses the Net.
10:23 of 1st period - Shot by Alex Ovechkin.
10:23 of 1st period - Stopped by Sergei Bobrovsky without a rebound.
10:24 of 1st period - Jay Beagle wins face-off versus Connor McDavid in Flyers zone.
10:25 of 1st period - Shot by Garnet Hathaway.
10:25 of 1st period - Goal by Garnet Hathaway - Flyers : 1 - Capitals : 1.
10:26 of 1st period - Brad Richardson wins face-off versus Phillip Danault in neutral zone.
11:28 of 1st period - Alex Ovechkin is hit by Tom Wilson and loses puck.
11:43 of 1st period - Shot by Brad Marchand.
11:43 of 1st period - Shot Misses the Net.
11:45 of 1st period - Shot by Tom Wilson.
11:45 of 1st period - Deflect By Connor McDavid.
11:45 of 1st period - Stopped by Darcy Kuemper without a rebound.
11:46 of 1st period - Brayden Point wins face-off versus Tyler Seguin in Capitals zone.
11:59 of 1st period - Logan O'Connor is hit by Brandon Tanev and loses puck.
12:29 of 1st period - Off-side.
12:30 of 1st period - Sidney Crosby wins face-off versus Connor McDavid in neutral zone.
12:43 of 1st period - Shot by Mikko Rantanen.
12:43 of 1st period - Stopped by Sergei Bobrovsky without a rebound.
12:44 of 1st period - Ivan Barbashev wins face-off versus Barclay Goodrow in Flyers zone.
13:01 of 1st period - Shot by Erik Karlsson.
13:01 of 1st period - Shot Hit the Post.
13:19 of 1st period - Shot by Bryan Rust.
13:19 of 1st period - Shot Misses the Net.
13:41 of 1st period - Shot by Brad Marchand.
13:41 of 1st period - Shot Blocked by Adam Larsson.
13:43 of 1st period - Shot by Devon Toews.
13:43 of 1st period - Stopped by Darcy Kuemper without a rebound.
13:44 of 1st period - David Pastrnak wins face-off versus Sidney Crosby in Capitals zone.
14:38 of 1st period - Minor Penalty to Tom Wilson for Hooking.
14:39 of 1st period - Barclay Goodrow wins face-off versus Calle Jarnkrok in Flyers zone.
14:48 of 1st period - Alex Killorn is hit by Pavel Buchnevich.
16:39 of 1st period - Tyler Seguin is hit by Garnet Hathaway and loses puck.
17:02 of 1st period - Shot by Brad Richardson.
17:02 of 1st period - Stopped by Sergei Bobrovsky with a rebound.
17:04 of 1st period - Shot by Brad Richardson.
17:04 of 1st period - Shot Blocked by Radim Simek.
17:10 of 1st period - Shot by Brad Richardson.
17:10 of 1st period - Stopped by Sergei Bobrovsky without a rebound.
17:11 of 1st period - Tyler Seguin wins face-off versus Luke Kunin in Flyers zone.
17:56 of 1st period - Off-side.
17:57 of 1st period - Brayden Point wins face-off versus Phillip Danault in neutral zone.
18:10 of 1st period - Shot by Brayden Point.
18:10 of 1st period - Stopped by Sergei Bobrovsky without a rebound.
18:11 of 1st period - Alex Ovechkin wins face-off versus Barclay Goodrow in Flyers zone.
18:26 of 1st period - Shot by Sidney Crosby.
18:26 of 1st period - Shot Misses the Net.
18:28 of 1st period - Shot by Alex Ovechkin.
18:28 of 1st period - Stopped by Sergei Bobrovsky without a rebound.
18:29 of 1st period - Connor McDavid wins face-off versus Brayden Point in Flyers zone.
18:29 of 1st period - Connor McDavid is hit by Brandon Tanev.
19:13 of 1st period - Shot by Pavel Buchnevich.
19:13 of 1st period - Shot Blocked by Tom Wilson.
Goals for this period are 1 for Flyers vs 1 for Capitals.
Shots for this period are 7 for Flyers vs 13 for Capitals.

2nd period


0:01 of 2nd period - Brayden Point wins face-off versus Phillip Danault in neutral zone.
0:21 of 2nd period - Shot by Brayden Point.
0:21 of 2nd period - Deflect By Pavel Buchnevich.
0:21 of 2nd period - Shot Misses the Net.
0:25 of 2nd period - Shot by Brayden Point.
0:25 of 2nd period - Shot Misses the Net.
0:27 of 2nd period - Shot by Brandon Tanev.
0:27 of 2nd period - Shot Misses the Net.
0:37 of 2nd period - Shot by David Pastrnak.
0:37 of 2nd period - Stopped by Darcy Kuemper without a rebound.
0:38 of 2nd period - Sidney Crosby wins face-off versus Tyler Seguin in Capitals zone.
0:48 of 2nd period - Minor Penalty to Cody Ceci for Roughing.
0:49 of 2nd period - Connor McDavid wins face-off versus Jay Beagle in Capitals zone.
0:57 of 2nd period - Icing by Brett Pesce.
0:58 of 2nd period - Connor McDavid wins face-off versus Jay Beagle in Flyers zone.
1:22 of 2nd period - Shot by Brad Marchand.
1:22 of 2nd period - Shot Misses the Net.
1:24 of 2nd period - Shot by Oscar Klefbom.
1:24 of 2nd period - Stopped by Darcy Kuemper without a rebound.
1:25 of 2nd period - Jay Beagle wins face-off versus Bryan Rust in Capitals zone.
1:35 of 2nd period - David Pastrnak is hit by Adam Larsson and loses puck.
1:50 of 2nd period - Shot by Devon Toews.
1:50 of 2nd period - Shot Blocked by Erik Karlsson.
1:54 of 2nd period - Shot by Bryan Rust.
1:54 of 2nd period - Goal by Bryan Rust - Flyers : 2 - Capitals : 1.
1:55 of 2nd period - Connor McDavid wins face-off versus Sidney Crosby in neutral zone.
2:06 of 2nd period - Drew Doughty is hit by Brad Marchand and loses puck.
2:24 of 2nd period - Mikko Rantanen is hit by Radim Simek.
2:36 of 2nd period - Sidney Crosby is hit by Tom Wilson and loses puck.
3:15 of 2nd period - Tom Wilson is hit by Brandon Tanev and loses puck.
3:27 of 2nd period - Minor Penalty to Logan O'Connor for Slashing.
3:28 of 2nd period - Sidney Crosby wins face-off versus Barclay Goodrow in Flyers zone.
3:40 of 2nd period - Shot by Alex Ovechkin.
3:40 of 2nd period - Stopped by Sergei Bobrovsky without a rebound.
3:41 of 2nd period - Barclay Goodrow wins face-off versus Brayden Point in Flyers zone.
4:37 of 2nd period - Shot by Drew Doughty.
4:37 of 2nd period - Stopped by Sergei Bobrovsky without a rebound.
4:38 of 2nd period - Barclay Goodrow wins face-off versus Sidney Crosby in Flyers zone.
5:02 of 2nd period - Shot by Alex Ovechkin.
5:02 of 2nd period - Shot Hit the Post.
5:04 of 2nd period - Shot by Mikko Rantanen.
5:04 of 2nd period - Shot Blocked by Devon Toews.
5:06 of 2nd period - Shot by Mikko Rantanen.
5:06 of 2nd period - Goal by Mikko Rantanen - Flyers : 2 - Capitals : 2.
5:07 of 2nd period - Jay Beagle wins face-off versus Tyler Seguin in neutral zone.
5:07 of 2nd period - Jay Beagle is hit by Alex Killorn.
5:31 of 2nd period - Shot by Garnet Hathaway.
5:31 of 2nd period - Shot Misses the Net.
5:33 of 2nd period - Shot by Garnet Hathaway.
5:33 of 2nd period - Stopped by Sergei Bobrovsky without a rebound.
5:34 of 2nd period - Phillip Danault wins face-off versus Ivan Barbashev in Flyers zone.
5:48 of 2nd period - Shot by Kevin Fiala.
5:48 of 2nd period - Shot Misses the Net.
5:50 of 2nd period - Shot by Phillip Danault.
5:50 of 2nd period - Stopped by Darcy Kuemper without a rebound.
5:51 of 2nd period - Sidney Crosby wins face-off versus Connor McDavid in Capitals zone.
5:51 of 2nd period - Mikko Rantanen is hit by Tom Wilson and loses puck.
6:10 of 2nd period - Alex Ovechkin is hit by Tom Wilson.
6:22 of 2nd period - Shot by Brad Marchand.
6:22 of 2nd period - Shot Blocked by Erik Karlsson.
6:28 of 2nd period - Shot by Connor McDavid.
6:28 of 2nd period - Deflect By Brad Marchand.
6:28 of 2nd period - Shot Blocked by Adam Larsson.
6:30 of 2nd period - Shot by Ivan Provorov.
6:30 of 2nd period - Stopped by Darcy Kuemper with a rebound.
6:33 of 2nd period - Minor Penalty to Brad Marchand for Hooking.
6:34 of 2nd period - Barclay Goodrow wins face-off versus Calle Jarnkrok in Flyers zone.
6:47 of 2nd period - Oscar Klefbom is hit by Brayden Point and loses puck.
6:54 of 2nd period - Shot by Alex Killorn.
6:54 of 2nd period - Shot Blocked by Josh Manson.
6:56 of 2nd period - Shot by Alex Killorn.
6:56 of 2nd period - Stopped by Darcy Kuemper without a rebound.
6:57 of 2nd period - Phillip Danault wins face-off versus Sidney Crosby in Capitals zone.
7:23 of 2nd period - Shot by Sidney Crosby.
7:23 of 2nd period - Stopped by Sergei Bobrovsky without a rebound.
7:24 of 2nd period - Brayden Point wins face-off versus Phillip Danault in Flyers zone.
8:30 of 2nd period - Barclay Goodrow is hit by Sidney Crosby and loses puck.
8:35 of 2nd period - Shot by Brad Richardson.
8:35 of 2nd period - Stopped by Sergei Bobrovsky with a rebound.
8:57 of 2nd period - Logan O'Connor is hit by Garnet Hathaway and loses puck.
9:36 of 2nd period - Shot by Sidney Crosby.
9:36 of 2nd period - Stopped by Sergei Bobrovsky without a rebound.
9:37 of 2nd period - Ivan Barbashev wins face-off versus David Pastrnak in Flyers zone.
9:41 of 2nd period - Icing by Brett Pesce.
9:42 of 2nd period - Phillip Danault wins face-off versus Brayden Point in Flyers zone.
9:54 of 2nd period - Shot by David Pastrnak.
9:54 of 2nd period - Shot Misses the Net.
9:56 of 2nd period - Shot by Phillip Danault.
9:56 of 2nd period - Goal by Phillip Danault - Flyers : 3 - Capitals : 2.
9:57 of 2nd period - Barclay Goodrow wins face-off versus Sidney Crosby in neutral zone.
10:02 of 2nd period - Icing by Josh Manson.
10:03 of 2nd period - Sidney Crosby wins face-off versus Barclay Goodrow in Capitals zone.
10:10 of 2nd period - Shot by Sidney Crosby.
10:10 of 2nd period - Shot Misses the Net.
10:12 of 2nd period - Shot by Drew Doughty.
10:12 of 2nd period - Stopped by Sergei Bobrovsky without a rebound.
10:13 of 2nd period - Brayden Point wins face-off versus Phillip Danault in Flyers zone.
10:54 of 2nd period - Shot by David Pastrnak.
10:54 of 2nd period - Stopped by Darcy Kuemper without a rebound.
10:55 of 2nd period - Sidney Crosby wins face-off versus Barclay Goodrow in Capitals zone.
10:55 of 2nd period - Sidney Crosby is hit by Barclay Goodrow.
12:15 of 2nd period - Icing by Radim Simek.
12:16 of 2nd period - Logan O'Connor wins face-off versus Luke Kunin in Flyers zone.
13:01 of 2nd period - Shot by Phillip Danault.
13:01 of 2nd period - Deflect By David Pastrnak.
13:01 of 2nd period - Stopped by Darcy Kuemper without a rebound.
13:02 of 2nd period - Anders Lee wins face-off versus Brayden Point in Capitals zone.
13:02 of 2nd period - Devon Toews is hit by Cody Ceci and loses puck.
13:07 of 2nd period - Shot by Anders Lee.
13:07 of 2nd period - Stopped by Darcy Kuemper without a rebound.
13:08 of 2nd period - Brayden Point wins face-off versus Barclay Goodrow in Capitals zone.
13:18 of 2nd period - Icing by Brett Pesce.
13:19 of 2nd period - Barclay Goodrow wins face-off versus Jay Beagle in Flyers zone.
13:58 of 2nd period - Shot by Garnet Hathaway.
13:58 of 2nd period - Shot Misses the Net.
14:00 of 2nd period - Shot by Trevor van Riemsdyk.
14:00 of 2nd period - Stopped by Sergei Bobrovsky without a rebound.
14:01 of 2nd period - Phillip Danault wins face-off versus Brayden Point in Flyers zone.
14:15 of 2nd period - Kevin Fiala is hit by Josh Manson and loses puck.
14:39 of 2nd period - Kevin Fiala is hit by Josh Manson and loses puck.
14:43 of 2nd period - Icing by Josh Manson.
14:44 of 2nd period - Tyler Seguin wins face-off versus Brayden Point in Capitals zone.
15:52 of 2nd period - Icing by Hampus Lindholm.
15:53 of 2nd period - Ivan Barbashev wins face-off versus Connor McDavid in Flyers zone.
16:01 of 2nd period - Off-side.
16:02 of 2nd period - Phillip Danault wins face-off versus Calle Jarnkrok in neutral zone.
16:19 of 2nd period - Oscar Klefbom is hit by Luke Kunin and loses puck.
17:29 of 2nd period - Shot by Sidney Crosby.
17:29 of 2nd period - Shot Misses the Net.
18:31 of 2nd period - Shot by Brayden Point.
18:31 of 2nd period - Stopped by Sergei Bobrovsky without a rebound.
18:32 of 2nd period - Logan O'Connor wins face-off versus Jay Beagle in Flyers zone.
18:32 of 2nd period - Logan O'Connor is hit by Garnet Hathaway.
18:54 of 2nd period - Shot by Trevor van Riemsdyk.
18:54 of 2nd period - Shot Blocked by Ivan Provorov.
18:56 of 2nd period - Shot by Jay Beagle.
18:56 of 2nd period - Stopped by Sergei Bobrovsky without a rebound.
18:57 of 2nd period - Ivan Barbashev wins face-off versus Phillip Danault in Flyers zone.
19:06 of 2nd period - Shot by Calle Jarnkrok.
19:06 of 2nd period - Shot Misses the Net.
19:12 of 2nd period - Shot by Luke Kunin.
19:12 of 2nd period - Stopped by Sergei Bobrovsky without a rebound.
19:13 of 2nd period - Sidney Crosby wins face-off versus Tom Wilson in Flyers zone.
19:57 of 2nd period - Shot by Sidney Crosby.
19:57 of 2nd period - Shot Misses the Net.
Goals for this period are 2 for Flyers vs 1 for Capitals.
Shots for this period are 10 for Flyers vs 12 for Capitals.

3rd period


0:01 of 3rd period - Alex Killorn wins face-off versus Sidney Crosby in neutral zone.
0:03 of 3rd period - Devon Toews is hit by Alex Ovechkin and loses puck.
0:21 of 3rd period - Shot by Tyler Seguin.
0:21 of 3rd period - Stopped by Darcy Kuemper without a rebound.
0:22 of 3rd period - Phillip Danault wins face-off versus Ivan Barbashev in Capitals zone.
0:27 of 3rd period - Shot by David Pastrnak.
0:27 of 3rd period - Stopped by Darcy Kuemper without a rebound.
0:28 of 3rd period - David Pastrnak wins face-off versus Sidney Crosby in Capitals zone.
0:28 of 3rd period - David Pastrnak is hit by Josh Manson.
0:46 of 3rd period - Shot by David Pastrnak.
0:46 of 3rd period - Stopped by Darcy Kuemper without a rebound.
0:47 of 3rd period - Barclay Goodrow wins face-off versus Brayden Point in Capitals zone.
1:49 of 3rd period - Icing by Erik Karlsson.
1:50 of 3rd period - Phillip Danault wins face-off versus Brayden Point in Capitals zone.
1:53 of 3rd period - Shot by David Pastrnak.
1:53 of 3rd period - Stopped by Darcy Kuemper with a rebound.
1:55 of 3rd period - Shot by Hampus Lindholm.
1:55 of 3rd period - Shot Misses the Net.
1:57 of 3rd period - Shot by Hampus Lindholm.
1:57 of 3rd period - Shot Blocked by Adam Larsson.
3:07 of 3rd period - Shot by Logan O'Connor.
3:07 of 3rd period - Deflect By Tyler Seguin.
3:07 of 3rd period - Stopped by Darcy Kuemper with a rebound.
3:09 of 3rd period - Shot by Oscar Klefbom.
3:09 of 3rd period - Deflect By Alex Killorn.
3:09 of 3rd period - Stopped by Darcy Kuemper without a rebound.
3:10 of 3rd period - Sidney Crosby wins face-off versus Connor McDavid in Capitals zone.
3:37 of 3rd period - Shot by Sidney Crosby.
3:37 of 3rd period - Shot Misses the Net.
3:47 of 3rd period - Shot by Alex Ovechkin.
3:47 of 3rd period - Shot Blocked by Brett Pesce.
3:49 of 3rd period - Shot by Alex Ovechkin.
3:49 of 3rd period - Shot Blocked by Brett Pesce.
4:26 of 3rd period - Shot by Calle Jarnkrok.
4:26 of 3rd period - Stopped by Sergei Bobrovsky without a rebound.
4:27 of 3rd period - Tyler Seguin wins face-off versus Garnet Hathaway in Flyers zone.
4:27 of 3rd period - Tyler Seguin is hit by Garnet Hathaway.
4:32 of 3rd period - Oscar Klefbom is hit by Garnet Hathaway and loses puck.
4:37 of 3rd period - Jay Beagle is hit by Logan O'Connor.
4:45 of 3rd period - Shot by Jay Beagle.
4:45 of 3rd period - Stopped by Sergei Bobrovsky with a rebound.
4:51 of 3rd period - Trevor van Riemsdyk is hit by Tyler Seguin and loses puck.
5:10 of 3rd period - Shot by Alex Killorn.
5:10 of 3rd period - Goal by Alex Killorn - Flyers : 4 - Capitals : 2.
5:11 of 3rd period - Phillip Danault wins face-off versus Calle Jarnkrok in neutral zone.
5:11 of 3rd period - Kevin Fiala is hit by Luke Kunin and loses puck.
5:22 of 3rd period - Off-side.
5:23 of 3rd period - Barclay Goodrow wins face-off versus Sidney Crosby in neutral zone.
5:23 of 3rd period - Barclay Goodrow is hit by Alex Ovechkin.
5:26 of 3rd period - Hampus Lindholm is hit by Alex Ovechkin and loses puck.
5:39 of 3rd period - Shot by Bryan Rust.
5:39 of 3rd period - Shot Misses the Net.
5:41 of 3rd period - Shot by Barclay Goodrow.
5:41 of 3rd period - Stopped by Darcy Kuemper without a rebound.
5:42 of 3rd period - Kevin Fiala wins face-off versus Ivan Barbashev in Capitals zone.
5:50 of 3rd period - Icing by Calle Jarnkrok.
5:51 of 3rd period - Phillip Danault wins face-off versus Ivan Barbashev in Capitals zone.
5:55 of 3rd period - Minor Penalty to Luke Kunin for Hooking.
5:56 of 3rd period - Ivan Barbashev wins face-off versus Tyler Seguin in Capitals zone.
8:18 of 3rd period - Shot by Mikko Rantanen.
8:18 of 3rd period - Shot Blocked by Hampus Lindholm.
8:32 of 3rd period - Shot by Alex Ovechkin.
8:32 of 3rd period - Shot Misses the Net.
9:03 of 3rd period - Calle Jarnkrok is hit by Ivan Provorov and loses puck.
9:18 of 3rd period - Shot by Luke Kunin.
9:18 of 3rd period - Shot Misses the Net.
9:20 of 3rd period - Shot by Luke Kunin.
9:20 of 3rd period - Stopped by Sergei Bobrovsky without a rebound.
9:21 of 3rd period - Jay Beagle wins face-off versus Tyler Seguin in Flyers zone.
10:44 of 3rd period - Shot by Tom Wilson.
10:44 of 3rd period - Stopped by Darcy Kuemper without a rebound.
10:45 of 3rd period - Sidney Crosby wins face-off versus Barclay Goodrow in Capitals zone.
11:08 of 3rd period - Shot by Sidney Crosby.
11:08 of 3rd period - Stopped by Sergei Bobrovsky with a rebound.
11:18 of 3rd period - Icing by Drew Doughty.
11:19 of 3rd period - Alex Ovechkin wins face-off versus Connor McDavid in Capitals zone.
12:05 of 3rd period - Devon Toews is hit by Ivan Barbashev and loses puck.
13:05 of 3rd period - Shot by Brayden Point.
13:05 of 3rd period - Shot Hit the Post.
13:13 of 3rd period - Shot by Pavel Buchnevich.
13:13 of 3rd period - Deflect By Brayden Point.
13:13 of 3rd period - Shot Misses the Net.
13:15 of 3rd period - Shot by Erik Karlsson.
13:15 of 3rd period - Shot Misses the Net.
13:17 of 3rd period - Shot by Adam Larsson.
13:17 of 3rd period - Stopped by Sergei Bobrovsky without a rebound.
13:18 of 3rd period - Garnet Hathaway wins face-off versus Alex Killorn in Flyers zone.
13:47 of 3rd period - Shot by Alex Killorn.
13:47 of 3rd period - Shot Misses the Net.
13:49 of 3rd period - Shot by Logan O'Connor.
13:49 of 3rd period - Shot Misses the Net.
13:51 of 3rd period - Shot by Alex Killorn.
13:51 of 3rd period - Shot Misses the Net.
14:35 of 3rd period - Shot by Phillip Danault.
14:35 of 3rd period - Stopped by Darcy Kuemper without a rebound.
14:36 of 3rd period - Ivan Barbashev wins face-off versus Barclay Goodrow in Capitals zone.
14:40 of 3rd period - Icing by Calle Jarnkrok.
14:41 of 3rd period - Barclay Goodrow wins face-off versus Ivan Barbashev in Capitals zone.
14:44 of 3rd period - Shot by Bryan Rust.
14:44 of 3rd period - Stopped by Darcy Kuemper without a rebound.
14:45 of 3rd period - Barclay Goodrow wins face-off versus Sidney Crosby in Capitals zone.
15:04 of 3rd period - Shot by Devon Toews.
15:04 of 3rd period - Shot Misses the Net.
15:06 of 3rd period - Shot by Barclay Goodrow.
15:06 of 3rd period - Stopped by Darcy Kuemper without a rebound.
15:06 of 3rd period - Minor Penalty to Cody Ceci for Tripping.
15:07 of 3rd period - Ivan Barbashev wins face-off versus Connor McDavid in Capitals zone.
16:01 of 3rd period - Shot by Brandon Tanev.
16:01 of 3rd period - Deflect By Ivan Barbashev.
16:01 of 3rd period - Shot Misses the Net.
16:05 of 3rd period - Shot by Brandon Tanev.
16:05 of 3rd period - Stopped by Sergei Bobrovsky without a rebound.
16:06 of 3rd period - Brad Richardson wins face-off versus David Pastrnak in Flyers zone.
16:23 of 3rd period - Shot by Devon Toews.
16:23 of 3rd period - Stopped by Darcy Kuemper with a rebound.
16:25 of 3rd period - Shot by Devon Toews.
16:25 of 3rd period - Stopped by Darcy Kuemper with a rebound.
16:27 of 3rd period - Shot by Tyler Seguin.
16:27 of 3rd period - Shot Misses the Net.
16:29 of 3rd period - Shot by Bryan Rust.
16:29 of 3rd period - Stopped by Darcy Kuemper without a rebound.
16:30 of 3rd period - Ivan Barbashev wins face-off versus Connor McDavid in Capitals zone.
16:30 of 3rd period - Ivan Barbashev is hit by Tom Wilson.
17:04 of 3rd period - Shot by Brad Marchand.
17:04 of 3rd period - Shot Misses the Net.
17:10 of 3rd period - Shot by Josh Manson.
17:10 of 3rd period - Shot Misses the Net.
17:12 of 3rd period - Shot by Josh Manson.
17:12 of 3rd period - Stopped by Sergei Bobrovsky without a rebound.
17:13 of 3rd period - Tyler Seguin wins face-off versus Sidney Crosby in Flyers zone.
17:20 of 3rd period - Mikko Rantanen is hit by Alex Killorn and loses puck.
17:41 of 3rd period - Tyler Seguin is hit by Josh Manson.
18:36 of 3rd period - Shot by Brayden Point.
18:36 of 3rd period - Stopped by Sergei Bobrovsky with a rebound.
19:19 of 3rd period - Shot by David Pastrnak.
19:19 of 3rd period - Shot Misses the Net.
19:21 of 3rd period - Shot by Brett Pesce.
19:21 of 3rd period - Stopped by Darcy Kuemper without a rebound.
19:22 of 3rd period - Ivan Barbashev wins face-off versus Connor McDavid in Capitals zone.
19:31 of 3rd period - Shot by Ivan Provorov.
19:31 of 3rd period - Stopped by Darcy Kuemper without a rebound.
19:32 of 3rd period - Phillip Danault wins face-off versus Sidney Crosby in Capitals zone.
19:43 of 3rd period - Sidney Crosby is hit by Kevin Fiala and loses puck.
19:48 of 3rd period - Shot by Mikko Rantanen.
19:48 of 3rd period - Goal by Mikko Rantanen - Flyers : 4 - Capitals : 3.
19:49 of 3rd period - Sidney Crosby wins face-off versus Phillip Danault in neutral zone.
19:52 of 3rd period - Brett Pesce is hit by Alex Ovechkin and loses puck.
19:58 of 3rd period - Icing by Brett Pesce.
19:59 of 3rd period - Phillip Danault wins face-off versus Sidney Crosby in Flyers zone.
Goals for this period are 1 for Flyers vs 1 for Capitals.
Shots for this period are 17 for Flyers vs 9 for Capitals.